 Dungeon Sprint DCSS version 0.29-a0-352-g0917bc69df (webtiles) character file.

Game seed: 13087961645589456712

37485 mhtbhm the Slayer (level 13, -4/154 HPs)
             Began as a Minotaur Berserker on Apr 24, 2022.
             Was the Champion of Trog.
             Slain by a lindwurm (18 damage)
             ... summoned by Kirke
             ... in the Dungeon (Sprint IX: "|||||||||||||||||||||||||||||").
             The game lasted 00:09:12 (3454 turns).

mhtbhm the Slayer (Minotaur Berserker)              Turns: 3454, Time: 00:09:13

Health: -4/154     AC:  0    Str: 27    XL:     13   Next: 58%
Magic:  12/12      EV: 18    Int:  4    God:    Trog [******]
Gold:   374        SH:  5    Dex: 10    Spells: 12/12 levels left

rFire   . . .      SeeInvis .   (weapon currently unavailable)
rCold   . . .      Faith    .   (shield currently unavailable)
rNeg    . . .      Spirit   .   (body armour currently unavailable)
rPois   .          Reflect  +   (helmet currently unavailable)
rElec   .          Harm     .   (cloak currently unavailable)
rCorr   .          Rampage  .   (gloves currently unavailable)
Will    .....      NoTele   +   (boots currently unavailable)
Stlth   ++........              C - amulet of reflection
HPRegen 0.35/turn               (ring currently unavailable)
MPRegen 0.13/turn               (ring currently unavailable)

@: pig-form, very quick
A: fast, no casting, small, (horns 2), (retaliatory headbutt)
a: Renounce Religion, Berserk, Trog's Hand, Brothers in Arms


You were in the Dungeon.
You worshipped Trog.
Trog was exalted by your worship.
You were a filthy swine.
You visited 1 branch You collected 1915 gold pieces.
You spent 1541 gold pieces at shops.

Inventory:

Hand Weapons
 a - the +4 trident of the Countless Violins (melded) {vorpal, Str+6}
   (Trog gifted it to you in the Dungeon)

   It inflicts extra damage upon your enemies.
   Str:       It affects your strength (+6).
 v - a +4 demon trident of flaming
Missiles
 n - 6 poisoned darts (quivered)
Armour
 b - the +6 chain mail of Vused (melded) {Regen+}
   (You bought it in a shop in the Dungeon)

   Regen:     It increases your rate of health regeneration.
 k - a +1 pair of gloves (melded)
 t - a +0 cloak (melded)
 u - a +1 pair of boots (melded)
 y - a +1 hat (melded)
 B - a +1 tower shield (melded)
Jewellery
 m - a +3 ring of strength (melded)
 s - a ring of protection from cold
 w - the ring "Rukilept" (melded) {Drain rElec rPois rN+}
   (You bought it in a shop in the Dungeon)

   [ring of positive energy]

   rElec:     It insulates you from electricity.
   rPois:     It protects you from poison.
   rN:        It protects you from negative energy.
   Drain:     It drains your maximum health when unequipped.
 A - a ring of protection from fire
 C - an amulet of reflection (around neck)
Wands
 j - a wand of acid (6)
 E - a wand of paralysis (3)
Scrolls
 h - 3 scrolls of blinking
 o - 3 scrolls of enchant armour
 p - 5 scrolls of identify
 q - 2 scrolls of enchant weapon
 r - a scroll of fog
 x - a scroll of holy word
 D - a scroll of fear
Potions
 c - 7 potions of curing
 d - 13 potions of heal wounds
 e - 3 potions of haste
 f - 4 potions of magic
 g - 2 potions of berserk rage
 i - a potion of invisibility
 l - a potion of mutation
 z - 2 potions of cancellation


   Skills:
 + Level 25.3 Fighting
 + Level 25.2 Polearms
 + Level 18.1 Armour
 + Level 12.1 Dodging
 + Level 3.8 Stealth
 + Level 10.9 Shields
 + Level 3.9 Evocations


You had 12 spell levels left.
You didn't know any spells.
Your spell library was empty.

Dungeon Overview and Level Annotations

Branches:
Dungeon (1/1)

Altars:
Cheibriados
Dithmenos
Elyvilon
Fedhas
Gozag
Hepliaklqana
Kikubaaqudgha
Makhleb
Nemelex Xobeh
Okawaru
Qazlal
Ru
Sif Muna
Trog
Uskayaw
Vehumet
Wu Jian
Xom
Yredelemnul
Zin
The Shining One
Beogh
Jiyva
Lugonu

Shops:
D [*:[

Annotations:
D Kirke


Innate Abilities, Weirdness & Mutations

You are a filthy swine.
You move quickly.
Your equipment is almost entirely melded.
You are incapable of wielding weapons or throwing items.
You cannot cast spells.
((You have a pair of horns on your head.))
((You reflexively headbutt those who attack you in melee.))


Message History

You closely miss something.
You hear some strange, mumbled words.
Something summons a lindwurm!
You miss something.
You hear some strange, mumbled words.
Something tries to affect you, but you resist.
You miss something. The lindwurm closely misses you. x2
The lindwurm misses you.
You closely miss something. Something hits you!
The lindwurm closely misses you. The lindwurm barely misses you.
The lindwurm claws you!
You hit something.
You hear some strange, mumbled words.
Something tries to affect you, but you resist.
The lindwurm bites you! The lindwurm closely misses you.
The lindwurm claws you.
You closely miss something. Something hits you!
You bite something! The lindwurm bites you. The lindwurm claws you!
The lindwurm barely misses you.
You bite something! Something hits you! The lindwurm closely misses you.
The lindwurm claws you. x2
You closely miss something.
You hear some strange, mumbled words.
Nothing appears to happen.
The lindwurm misses you. The lindwurm claws you! x2
You closely miss something.
You hear some strange, mumbled words.
Nothing appears to happen.
You closely miss something. The lindwurm bites you.
* * * LOW HITPOINT WARNING * * *
The lindwurm completely misses you. The lindwurm claws you!
* * * LOW HITPOINT WARNING * * *
You hit something. Something hits you.
* * * LOW HITPOINT WARNING * * *
The lindwurm closely misses you. The lindwurm misses you.
The lindwurm claws you.
* * * LOW HITPOINT WARNING * * *
You hit something but do no damage. Something hits you!
* * * LOW HITPOINT WARNING * * *
The lindwurm bites you!!
You die...

▓▓▓▓▓▓▓▓▓▓▓▓▓▓▓▓▓▓▓▓▓▓▓▓
...hhh{hk...............
▓▓▓▓▓▓▓▓▓▓▓▓▓▓▓▓▓▓▓▓▓▓▓▓▓▓▓▓▓♣♣♣♣
........)†.)....).)'))÷.....)[)..
▓▓▓▓▓▓▓▓▓▓▓▓▓▓▓▓▓▓▓▓▓▓▓▓▓▓▓▓▓♣♣♣♣
...........................).....
▓▓▓▓▓▓▓▓▓▓▓▓▓▓▓▓▓▓▓▓▓▓▓▓▓▓▓▓▓▓▓▓▓
...'....=))))))))..[[[[[[[.......
▓▓▓▓▓▓▓▓▓▓▓▓▓▓▓▓▓▓▓▓▓▓▓▓▓▓▓▓▓▓▓▓▓
......................)).........


You could see a lindwurm (summoned) and 3 hogs.

Vanquished Creatures
  Gastronok (D)
  A broodmother (D)
  A very ugly thing (D)
  2 entropy weavers (D)
  A bunyip (D)
  Azrael (D)
  2 merfolk impalers (D)
  A rakshasa (D)
  A hydra (D)
  Erica (D)
  3 centaur warriors (D)
  An anaconda (D)
  A two-headed ogre (D)
  An alligator (D)
  A deep troll shaman (D)
  3 orc high priests (D)
  A shock serpent (D)
  A goliath frog (D)
  3 swamp dragons (D)
  A bog body (D)
  A steelbarb worm (D)
  3 orc knights (D)
  3 lindwurms (D)
  A wizard (D)
  2 ugly things (D)
  An orc sorcerer (D)
  2 cyclopes (D)
  A salamander (D)
  A merfolk siren (D)
  A manticore (D)
  Joseph (D)
  A moth of wrath (D)
  4 black mambas (D)
  A water nymph (D)
  2 naga magi (D)
  4 cane toads (D)
  A demonic crawler (D)
  A komodo dragon (D)
  An efreet (D)
  A hornet (D)
  2 trolls (D)
  2 wind drakes (D)
  A merfolk (D)
  2 tyrant leeches (D)
  A snapping turtle (D)
  A slime creature (D)
  A blink frog (D)
  A spriggan (D)
  2 culicivoras (D)
  A wraith (D)
  2 yaks (D)
  4 fire elementals (D)
  2 vampire mosquitoes (D)
  A wyvern (D)
  3 hogs (D)
  A redback (D)
  A naga (D)
  2 hell hounds (D)
  2 water moccasins (D)
  A floating eye (D)
  11 orc warriors (D)
  A wolf (D)
  A kobold brigand (D)
  2 bullfrogs (D)
  A necrophage (D)
  A howler monkey (D)
  A hound (D)
  6 orc priests (D)
  4 orc wizards (D)
  4 worms (D)
  A dart slug (D)
  13 orcs (D)
  A ball python (D)
  An endoplasm (D)
  A giant cockroach (D)
  A quokka (D)
  A ball python simulacrum (D)
  A bat (D)
146 creatures vanquished.

Vanquished Creatures (collateral kills)
  A fire dragon (D)
  A hydra (D)
  A rakshasa (D)
  A boulder beetle (D)
  A bullfrog (D)
5 creatures vanquished.

Grand Total: 151 creatures vanquished

Notes
Turn   | Place    | Note
-------+----------+-------------------------------------------
     0 | D        | mhtbhm the Minotaur Berserker began the quest for the Orb.
     0 | D        | Reached XP level 1. HP: 19/19 MP: 0/0
     7 | D        | Reached ** piety under Trog
   120 | D        | Noticed a howler monkey
   120 | D        | Noticed a hound
   120 | D        | Noticed a necrophage
   125 | D        | Reached XP level 2. HP: 28/28 MP: 1/1
   129 | D        | Killed a howler monkey
   129 | D        | Reached *** piety under Trog
   130 | D        | Reached XP level 3. HP: 38/38 MP: 2/2
   136 | D        | Reached XP level 4. HP: 47/47 MP: 3/3
   139 | D        | Killed a necrophage
   174 | D        | Found a snail-covered altar of Cheibriados.
   174 | D        | Found a shadowy altar of Dithmenos.
   174 | D        | Found a white marble altar of Elyvilon.
   174 | D        | Found a blossoming altar of Fedhas.
   174 | D        | Found an opulent altar of Gozag.
   175 | D        | Found a hazy altar of Hepliaklqana.
   176 | D        | Found a viscous altar of Jiyva.
   177 | D        | Found an ancient bone altar of Kikubaaqudgha.
   178 | D        | Found a corrupted altar of Lugonu.
   179 | D        | Found a burning altar of Makhleb.
   180 | D        | Found a sparkling altar of Nemelex Xobeh.
   181 | D        | Found an iron altar of Okawaru.
   182 | D        | Found a stormy altar of Qazlal.
   183 | D        | Found a sacrificial altar of Ru.
   184 | D        | Found a shimmering blue altar of Sif Muna.
   185 | D        | Found a bloodstained altar of Trog.
   186 | D        | Found a hide-covered altar of Uskayaw.
   187 | D        | Found a radiant altar of Vehumet.
   188 | D        | Found an ornate altar of the Wu Jian Council.
   189 | D        | Found a shimmering altar of Xom.
   190 | D        | Found a basalt altar of Yredelemnul.
   191 | D        | Found a glowing silver altar of Zin.
   192 | D        | Found a glowing golden altar of the Shining One.
   239 | D        | Noticed a wraith
   239 | D        | Noticed a vampire mosquito
   239 | D        | Noticed a wyvern
   239 | D        | Noticed an orc warrior
   239 | D        | Noticed a kobold brigand
   245 | D        | Killed a wraith
   246 | D        | Reached skill level 10 in Polearms
   246 | D        | Reached skill level 5 in Armour
   246 | D        | Reached skill level 5 in Dodging
   246 | D        | Reached XP level 5. HP: 58/58 MP: 4/4
   246 | D        | Reached XP level 6. HP: 66/66 MP: 5/5
   254 | D        | Reached **** piety under Trog
   255 | D        | Killed an orc warrior
   256 | D        | Reached skill level 10 in Fighting
   256 | D        | Reached skill level 1 in Stealth
   256 | D        | Killed a vampire mosquito
   257 | D        | Reached XP level 7. HP: 27/74 MP: 6/6
   258 | D        | Killed a wyvern
   258 | D        | Reached ***** piety under Trog
   472 | D        | Noticed a centaur warrior
   472 | D        | Noticed a troll
   472 | D        | Noticed a two-headed ogre
   472 | D        | Noticed a centaur warrior
   472 | D        | Noticed a troll
   472 | D        | Noticed a cyclops
   479 | D        | Killed a centaur warrior
   480 | D        | Reached skill level 1 in Evocations
   480 | D        | Reached XP level 8. HP: 86/86 MP: 7/7
   480 | D        | Killed a troll
   485 | D        | Killed a two-headed ogre
   485 | D        | Received a gift from Trog
   486 | D        | Reached skill level 15 in Polearms
   486 | D        | Reached XP level 9. HP: 70/96 MP: 8/8
   487 | D        | Killed a centaur warrior
   488 | D        | Reached skill level 15 in Fighting
   488 | D        | Killed a troll
   491 | D        | Killed a cyclops
   699 | D        | Noticed a komodo dragon
   699 | D        | Noticed a black mamba
   699 | D        | Noticed a cane toad
   707 | D        | Killed a komodo dragon
   707 | D        | Noticed a cane toad
   712 | D        | Killed a black mamba
   713 | D        | Reached skill level 10 in Armour
   715 | D        | Reached XP level 10. HP: 107/107 MP: 9/9
   715 | D        | Killed a cane toad
   715 | D        | Received a gift from Trog
   723 | D        | Killed a cane toad
   789 | D        | Noticed a cane toad
   789 | D        | Noticed a cane toad
   795 | D        | Noticed a six-headed hydra
   798 | D        | Noticed a boulder beetle
   802 | D        | Noticed an eight-headed hydra
   802 | D        | Killed a cane toad
   802 | D        | Reached ****** piety under Trog
   807 | D        | Killed a cane toad
   811 | D        | Killed a ten-headed hydra
   812 | D        | Reached skill level 10 in Dodging
   826 | D        | Killed a 13-headed hydra
   828 | D        | Killed a boulder beetle
   828 | D        | Received a gift from Trog
   829 | D        | Reached XP level 11. HP: 49/119 MP: 10/10
  1065 | D        | Noticed a lindwurm
  1065 | D        | Noticed a lindwurm
  1071 | D        | Killed a lindwurm
  1081 | D        | Noticed a lindwurm
  1084 | D        | Killed a lindwurm
  1094 | D        | Killed a lindwurm
  1525 | D        | Received a gift from Trog
  1531 | D        | Noticed an orc knight
  1541 | D        | Killed an orc knight
  1541 | D        | Received a gift from Trog
  1623 | D        | Received a gift from Trog
  1641 | D        | Received a gift from Trog
  1695 | D        | Found Zumper's Armour Emporium.
  1695 | D        | Noticed an orc knight
  1695 | D        | Noticed an orc high priest
  1697 | D        | Noticed an orc knight
  1701 | D        | Killed an orc knight
  1704 | D        | Found Ygiboh's General Store.
  1708 | D        | Killed an orc high priest
  1715 | D        | Killed an orc knight
  1715 | D        | Received a gift from Trog
  1716 | D        | Noticed an orc high priest
  1720 | D        | Found Laesi's Book Emporium.
  1723 | D        | Killed an orc high priest
  1807 | D        | Found Liag's Armour Shoppe.
  1810 | D        | Noticed an orc high priest
  1811 | D        | Noticed an orc sorcerer
  1813 | D        | Noticed a sixfirhy
  1817 | D        | Killed an orc high priest
  1821 | D        | Killed an orc sorcerer
  1856 | D        | Bought the ring "Rukilept" {Drain rElec rPois rN+} for 358
                  | gold pieces
  1856 | D        | Bought a scroll of holy word for 82 gold pieces
  1874 | D        | Bought the +6 chain mail of Vused {Regen+} for 539 gold
                  | pieces
  1883 | D        | Bought a potion of mutation for 88 gold pieces
  1883 | D        | Bought a scroll of fog for 22 gold pieces
  1883 | D        | Bought 2 potions of cancellation for 176 gold pieces
  1891 | D        | Bought a +1 pair of gloves for 138 gold pieces
  1902 | D        | Bought a +1 pair of boots for 138 gold pieces
  1964 | D        | Noticed Erica
  1966 | D        | Noticed Gastronok
  1975 | D        | Killed Erica
  1975 | D        | Received a gift from Trog
  1983 | D        | Killed Gastronok
  1984 | D        | Reached XP level 12. HP: 103/136 MP: 11/11
  2154 | D        | Noticed a centaur warrior
  2160 | D        | Reached skill level 15 in Armour
  2163 | D        | Identified the +4 trident of the Countless Violins {vorpal,
                  | Str+6} (Trog gifted it to you in the Dungeon)
  2163 | D        | Received a gift from Trog
  2164 | D        | Noticed a rakshasa
  2168 | D        | Noticed a green very ugly thing
  2174 | D        | Killed a centaur warrior
  2174 | D        | Noticed a fire dragon
  2175 | D        | Noticed a rakshasa
  2178 | D        | Noticed a deep troll shaman
  2179 | D        | Killed a green very ugly thing
  2183 | D        | Killed a rakshasa
  2185 | D        | Killed a fire dragon
  2255 | D        | Killed a rakshasa
  2255 | D        | Received a gift from Trog
  2258 | D        | Killed a deep troll shaman
  2480 | D        | Noticed Azrael
  2493 | D        | Killed Azrael
  2493 | D        | Received a gift from Trog
  2494 | D        | Reached skill level 1 in Shields
  2580 | D        | Noticed Joseph
  2583 | D        | Paralysed by Joseph for 5 turns
  2593 | D        | Paralysed by Joseph for 4 turns
  2599 | D        | Killed Joseph
  2658 | D        | Noticed a broodmother
  2658 | D        | Noticed an entropy weaver
  2664 | D        | Killed a broodmother
  2667 | D        | Received a gift from Trog
  2671 | D        | Noticed an entropy weaver
  2677 | D        | Killed an entropy weaver
  2834 | D        | Received a gift from Trog
  2839 | D        | Killed an entropy weaver
  2865 | D        | Noticed a merfolk impaler
  2875 | D        | Reached XP level 13. HP: 150/150 MP: 12/12
  2877 | D        | Killed a merfolk impaler
  2879 | D        | Noticed a merfolk impaler
  2886 | D        | Received a gift from Trog
  2889 | D        | Reached skill level 5 in Shields
  3044 | D        | Killed a merfolk impaler
  3057 | D        | Received a gift from Trog
  3185 | D        | Noticed a bunyip
  3202 | D        | Received a gift from Trog
  3207 | D        | Killed a bunyip
  3306 | D        | Received a gift from Trog
  3310 | D        | Reached skill level 10 in Shields
  3410 | D        | Noticed Kirke
  3416 | D        | Received a gift from Trog
  3454 | D        | Slain by a lindwurm

Illustrated notes

Levels and vault maps discovered:
D:        linesprint [early_d, line_temple, items_1, d_10, items_2, lair_1,
          lair_end, items_3, orc_1, orc_end, items_4, d_15, swamp_1, shoals_1,
          snake_1, spider_1, d_20, vaults_1, items_5, swamp_end, shoals_end,
          snake_end, spider_end, vaults_end, d_27, items_6, zot_1, zot_end,
          crypt_end, forest_end, elf_end, slime_end, tomb_end, abyss_end,
          pan_hell_end]

Skill      XL: |  1  2  3  4  5  6  7  8  9 10 11 12 13 |
---------------+----------------------------------------+-----
Fighting       | 4 6 7 9 11 13 14 16 18 21 23 25 | 25.3
Polearms       | 4 6 7 10 12 14 15 18 20 22 24 25 | 25.2
Armour         | 3 4 5 6 7 8 10 11 14 16 18 | 18.1
Dodging        | 3 5 6 7 9 10 11 12 | 12.1
Stealth        | 1 2 3 |  3.8
Evocations     | 1 2 3 |  3.9
Shields        | 4 10 | 10.9

Action                   |  1- 3 |  4- 6 |  7- 9 | 10-12 | 13-15 || total
-------------------------+-------+-------+-------+-------+-------++-------
Melee: Spear             |    28 |     3 |       |       |       ||    31
       Headbutt          |     1 |     2 |     8 |    30 |    20 ||    61
       Halberd           |       |    14 |    29 |    82 |       ||   125
       Glaive            |       |       |       |   109 |       ||   109
       Trident           |       |       |       |    71 |   141 ||   212
       Demon trident     |       |       |       |     5 |       ||     5
       Unarmed           |       |       |       |       |    18 ||    18
Invok: Berserk           |     1 |     1 |     2 |    11 |     2 ||    17
       Brothers in Arms  |       |       |       |     2 |       ||     2
Evoke: Wand              |       |     2 |     2 |       |       ||     4
  Use: Scroll            |       |       |       |     1 |       ||     1
Armor: Animal skin       |     4 |       |       |       |       ||     4
       Chain mail        |       |    10 |    12 |    81 |    41 ||   144
       Plate armour      |       |       |       |     1 |       ||     1
Dodge: Dodged            |     9 |    11 |    10 |    50 |    28 ||   108
Block: Tower shield      |       |       |       |    39 |    92 ||   131
       Other             |       |       |       |     1 |       ||     1
       Reflection        |       |       |       |       |     2 ||     2

Table legend: (Time is in decaauts)
 A = Elapsed time spent in this place.
 B = Non-inter-level travel time spent in this place.
 C = Inter-level travel time spent in this place.
 D = Time resting spent in this place.
 E = Time spent auto-exploring this place.
 F = Levels seen in this place.
 G = Mean time per level.
                   A        B        C        D        E       F      G
               +--------+--------+--------+--------+--------+-----+--------+
         Total |   3520 |   3520 |      0 |   1957 |    135 |   1 | 3520.0 |
       Dungeon |   3520 |   3520 |      0 |   1957 |    135 |   1 | 3520.0 |
               +--------+--------+--------+--------+--------+-----+--------+

Top non-repeatable levels by time:
       D: 3520 daAuts
